 Dungeon Crawl Stone Soup version 0.22-a0-618-gd6a3efe (webtiles) character file.

472 Ijustatesigmund the Chopper (level 7, 0/73 HPs)
             Began as an Octopode Fighter on July 13, 2018.
             Succumbed to a worker ant's poison
             ... on level 3 of the Dungeon.
             The game lasted 00:06:09 (3507 turns).

Ijustatesigmund the Chopper (Octopode Fighter)      Turns: 3507, Time: 00:06:10

Health: 0/73       AC: 23    Str: 15    XL:     7   Next: 9%
Magic:  7/7        EV:  2    Int: 10    God:
Gold:   99         SH: 11    Dex: 14    Spells: 6/6 levels left

rFire    . . .     SeeInvis .   a - +3 war axe
rCold    . . .     Gourm    .   b - +2 shield
rNeg     + + +     Faith    .   (helmet currently unavailable)
rPois    +         Spirit   .   (no amulet)
rElec    .         Reflect  .   (no ring)
rCorr    .         Harm     .   (no ring)
MR       .....     NoTele   +   (no ring)
Stlth    +.........             (no ring)
HPRegen  0.22/turn              (no ring)
MPRegen  0.10/turn              (no ring)
                                (no ring)
                                (no ring)

@: lethally poisoned (0 -> -1), tree-form
A: almost no armour, stealthy swim, (amphibious), 8 rings, (constrict 8)
a: no special abilities


You were on level 3 of the Dungeon.
You were not hungry.
You were a tree.
You visited 1 branch of the dungeon, and saw 4 of its levels.

You collected 99 gold pieces.

Inventory:

Hand Weapons
 a - a +3 war axe (weapon)
Missiles
 j - a throwing net (quivered)
Armour
 b - a +2 shield (worn)
Wands
 g - a wand of digging (11)
Scrolls
 f - 3 scrolls of identify
Potions
 i - 2 potions of lignification
Comestibles
 d - 4 rations


   Skills:
 + Level 4.6 Fighting
 * Level 5.4 Axes
 - Level 3.0 Dodging
 + Level 4.5 Shields


You had 6 spell levels left.
You didn't know any spells.
Your spell library was empty.

Dungeon Overview and Level Annotations

Branches:
Dungeon (4/15)
 Temple: D:4-7

Altars:
Gozag
Hepliaklqana
Makhleb
Wu Jian
Yredelemnul

Annotations:
D:3 2 runed doors, Torious's ghost, amateur DECj


Innate Abilities, Weirdness & Mutations

You cannot wear most types of armour.
You are very stealthy in the water. (Stealth+)
((You are amphibious.))
You can wear up to eight rings at the same time.
((You can use your tentacles to constrict eight enemies at once.))
((Your skin changes colour to match your surroundings (Stealth+).))
((Your rubbery body absorbs attacks. (AC +1, EV +1)))


Message History

You feel sick.
* * * LOW HITPOINT WARNING * * *
You feel sick.
* * * LOW HITPOINT WARNING * * *
You feel sick.
* * * LOW HITPOINT WARNING * * *
You feel sick.
* * * LOW HITPOINT WARNING * * *
You feel sick.
* * * LOW HITPOINT WARNING * * *
You feel sick.
* * * LOW HITPOINT WARNING * * *
You feel sick.
* * * LOW HITPOINT WARNING * * *
You feel sick.
* * * LOW HITPOINT WARNING * * *
You feel sick.
* * * LOW HITPOINT WARNING * * *
You feel sick.
You die...

#.#######.##...##.........#
..........##.#..#.........#
#.#.########.#.##.........#
#.###### #.._...........#
.......# ###.#..........#
#.####.# #.#..........#####
...###.#######.......÷........#
.#..............†.[.......###.##
##)##..########.♣>....###.###..#
.))....# #.#+#+###.....##.#
....#..# ##.#.#.##.8...8.#.#
....#..# #..#.#..#.......#.#
..(.#..# ##'##'#+....._.....#
.......######........#.......###
.....................#.8...8.#
......######.........##.....##
.[....#...............###.###


There were no monsters in sight!

Vanquished Creatures
  Sigmund (D:2)
  A gnoll sergeant (D:3)
  A gnoll shaman (D:3)
  A worker ant (D:3)
  A hound skeleton (D:3)
  Robin (D:2)
  5 gnolls (D:3)
  3 adders (D:3)
  2 oozes
  2 worms (D:3)
  2 dart slugs (D:1)
  2 leopard geckos
  4 orcs (D:3)
  A giant cockroach (D:3)
  15 goblins
  12 hobgoblins
  12 jackals
  9 kobolds
  A ball python (D:3)
  5 bats
  2 frilled lizards (D:2)
  8 rats
91 creatures vanquished.

Notes
Turn   | Place    | Note
-------+----------+-------------------------------------------
     0 | D:1      | Ijustatesigmund the Octopode Fighter began the quest for the Orb.
     0 | D:1      | Reached XP level 1. HP: 16/16 MP: 1/1
    66 | D:1      | Reached XP level 2. HP: 17/21 MP: 2/2
   466 | D:1      | Reached XP level 3. HP: 25/26 MP: 3/3
   674 | D:1      | Reached skill level 3 in Axes
  1015 | D:2      | Noticed Robin
  1022 | D:2      | Killed Robin
  1022 | D:2      | Reached XP level 4. HP: 15/31 MP: 4/4
  1454 | D:2      | Noticed Sigmund
  1467 | D:2      | Killed Sigmund
  1467 | D:2      | Reached skill level 4 in Axes
  1467 | D:2      | Reached XP level 5. HP: 20/37 MP: 5/5
  1693 | D:2      | Reached XP level 6. HP: 43/43 MP: 6/6
  1779 | D:2      | Found a hazy altar of Hepliaklqana.
  2068 | D:3      | Found a runed door.
  2074 | D:3      | Noticed Torious's ghost (amateur DECj)
  2119 | D:3      | Found a runed door.
  2217 | D:3      | Found an ornate altar of the Wu Jian Council.
  2393 | D:3      | Found an opulent altar of Gozag.
  2782 | D:3      | Reached skill level 5 in Axes
  2994 | D:3      | Found a basalt altar of Yredelemnul.
  3143 | D:3      | Found a burning altar of Makhleb.
  3167 | D:3      | Noticed a balrug
  3270 | D:3      | Reached XP level 7. HP: 16/49 MP: 7/7
  3497 | D:3      | HP: 3/73 [poisoned by a worker ant]
  3502 | D:3      | HP: 1/73 [poisoned by a worker ant]
  3507 | D:3      | Succumbed to a worker ant's poison

Vault maps used:
D:1:      lightli_iron_boxes, serial_forest, infiniplex_forest_fountain,
          infiniplex_forest_lined_corner, infiniplex_forest_clump_C,
          infiniplex_forest_clump_double, infiniplex_forest_clump_C,
          infiniplex_forest_corner_2, infiniplex_forest_pool,
          infiniplex_forest_zigzag_1
D:2:      overflow_temple_1_default, uniq_robin, uniq_sigmund
D:3:      lemuel_round_altar, grunt_gozag_statues, lemuel_crystal_altar,
          ebering_ghost_sewer_f, makhleb_altar_promises_db
D:4:      cheibrodos_quashed, overflow_temple_1_default, grunt_qazlal_sundering,
          first_ration, trog_book, uniq_pikel

Skill      XL: |  1  2  3  4  5  6 |
---------------+-------------------+-----
Axes           | 3 4 5 |  5.4
Fighting       | 4 |  4.6
Shields        | 4 |  4.5
Dodging        | |  3.0

Action                   |  1- 3 |  4- 6 |  7- 9 || total
-------------------------+-------+-------+-------++-------
Melee: War axe           |    79 |   104 |     7 ||   190
       Constrict         |    26 |    30 |     2 ||    58
       Tentacles         |    18 |    27 |     3 ||    48
Throw: Throwing net      |       |     2 |       ||     2
  Use: Scroll            |     4 |     6 |     3 ||    13
       Potion            |       |     1 |     1 ||     2
 Stab: Sleeping          |     3 |     5 |       ||     8
  Eat: Chunk             |       |     5 |       ||     5
       Ration            |       |     1 |       ||     1
Armor: Skin              |     4 |     5 |     1 ||    10
Dodge: Dodged            |    32 |    34 |     2 ||    68
Block: Shield            |    33 |    66 |    10 ||   109

Table legend:
 A = Spawn XP
 B = Non-spawn XP
 C = Spawn XP percentage of total XP
 D = Spawn monster count
 E = Non-spawn monster count
 F = Spawn count percentage of total count
 G = Total turns spent on level
                    A         B        C        D         E        F      G
               +---------+---------+-------+---------+---------+-------+---------
         Total |       0 |     675 |   0.0 |       0 |      91 |   0.0 |  3507
               +---------+---------+-------+---------+---------+-------+---------
           D:1 |       0 |      54 |   0.0 |       0 |      26 |   0.0 |   907
           D:2 |       0 |     270 |   0.0 |       0 |      26 |   0.0 |  1129
           D:3 |       0 |     349 |   0.0 |       0 |      38 |   0.0 |  1460
           D:4 |       0 |       2 |   0.0 |       0 |       1 |   0.0 |    11
               +---------+---------+-------+---------+---------+-------+---------
